AoeStats
← eloycorsob

Nomad

510085497Analyzed
3v3 RM · 4d ago on Sep 29, 2026· 28m 25s· 6 players
Game mode
Random Map
Map size
210×210
Population
200
Speed
Normal
Resources
Standard
Victory
Conquest
Starting age
Dark Age
Ending age
Imperial Age
RankedLock teamsTeams togetherTeam positionsShared explorationLock speedFull tech treeHidden civsTurbo modeCheats
Victory
Defeat
🇺🇦 Vietnamese · Ukraine
750
+11
🇹🇼 Inca · Taiwan
534
+20
🇨🇳 Chinese · China
506
+21
🇮🇩 Varangians · Indonesia
644
-18
🇮🇳 Huns · India
627
-17
🇪🇸 Spanish · Spain
605
-17
eloycorsob
6:11 Loom
18:19 Feudal Age
20:21 Horse Collar
20:49 Double-Bit Axe
23:19 Castle Age
22:48 Stone Mining
22:59 Gold Mining
24:42 Heavy Plow
27:02 Wheelbarrow
28:00 Ballistics
28:39 Stone Shaft Mining
BlueGuardian
7:53 Loom
16:42 Feudal Age
17:23 Double-Bit Axe
17:22 Horse Collar
17:16 Man-at-Arms
18:14 Fishing Lines
19:11 Arson
27:13 Castle Age
25:44 Stone Mining
27:08 Bloodlines
betalbaadshah
3:54 Loom
17:02 Feudal Age
plan4itos
17:47 Feudal Age
23:56 Castle Age
征服者
4:04 Loom
17:02 Feudal Age
19:21 Fishing Lines
21:32 Man-at-Arms
24:54 Castle Age
27:26 Double-Bit Axe
27:24 Horse Collar
27:36 Gold Mining
27:37 Stone Mining
27:49 Stone Mining
28:06 Demolition Ship
28:40 Gillnets
domoowop (Y.O. Ko)
5:03 Loom
5:12 Loom
6:16 Loom
6:32 Loom
14:14 Feudal Age
14:51 Double-Bit Axe
16:35 Wheelbarrow
18:32 Gold Mining
19:54 Scale Mail Armor
20:07 Forging
20:21 Stone Mining
22:37 Castle Age
20:21 Champi Runner
21:14 Horse Collar
22:30 Padded Archer Armor
23:48 Heavy Plow
25:37 Bow Saw
25:54 Crossbowman
27:29 Squires
Connection lost

Rejoining the realm…

Still unreachable

The connection could not be restored.

Session expired

The server has moved on; the page needs a fresh start.